 Dungeon Sprint DCSS version 0.19.0-11-g3fc08b3 (webtiles) character file.

79 equalderp2856 the Gouger (level 4, -32/23 HPs)
             Began as a Felid Fighter on Nov 9, 2016.
             Killed from afar by a shadow dragon (55 damage)
             ... with a bolt of negative energy
             ... in the Dungeon (Sprint VII: "The Pits").
             The game lasted 00:01:41 (545 turns).

equalderp2856 the Gouger (Felid Fighter)             Turns: 545, Time: 00:01:48

Health: -32/23     AC:  1    Str: 13    XL:     4   Next: 16%
Magic:  5/5        EV: 22    Int:  9    God:
Gold:   0          SH:  0    Dex: 16    Spells: 0 memorised, 3 levels left
                                        Lives:  0   Deaths: 1

rFire  . . .     SeeInvis +       - Unarmed
rCold  . . .     Gourm    .     (armour unavailable)
rNeg   . . .     Faith    .     (shield unavailable)
rPois  .         Spirit   .     (helmet unavailable)
rElec  .         Reflect  .     (cloak unavailable)
rCorr  .         Harm     .     (gloves unavailable)
MR     .....     NoTele   +     (boots unavailable)
Stlth  ++........               (no amulet)
                                (no ring)
                                (no ring)

@: drained, quick
A: no armour, no weapons or thrown items, stealth, claws 1, fangs 3, see
invisible, carnivore 3, speed 1, shaggy fur 1, slow metabolism 1, sharp paws
a: no special abilities


You were in the Dungeon.
You were not hungry.

You visited 1 branch

Inventory:

Scrolls
 h - a scroll of blinking
 j - 3 scrolls of remove curse
 k - 5 scrolls of amnesia
 l - a scroll of summoning
Potions
 a - a potion of might
 c - 6 potions of curing
 d - 6 potions of heal wounds
 e - a potion of haste
 f - 4 potions of magic
 g - 3 potions of berserk rage
 i - 2 potions of invisibility
Comestibles
 b - a meat ration


   Skills:
 + Level 5.1(4.2) Fighting
 + Level 7.3(6.4) Dodging
 + Level 2.2(1.4) Stealth
 + Level 9.2(8.2) Unarmed Combat


You had 3 spell levels left.
You didn't know any spells.

Dungeon Overview and Level Annotations

Branches:
Dungeon (1/1)

Altars:
Ashenzari
Cheibriados
Dithmenos
Elyvilon
Fedhas
Gozag
Hepliaklqana
Kikubaaqudgha
Makhleb
Nemelex Xobeh
Okawaru
Qazlal
Ru
Sif Muna
Trog
Uskayaw
Vehumet
Xom
Yredelemnul
Zin
The Shining One
Beogh
Jiyva
Lugonu


Innate Abilities, Weirdness & Mutations

You cannot wear armour.
You are incapable of wielding weapons or throwing items.
Your paws allow you to move quietly. (Stealth)
You have sharp claws.
You have razor-sharp teeth.
You have supernaturally acute eyesight. (SInv)
You are carnivorous and can eat meat at any time.
You cover ground quickly.
You are covered in fur. (AC +1)
You have a slow metabolism.
Your sharp claws are effective at attacking unaware monsters.


Message History

The magic dart hits you!
You die...
You are now level 4!
You rejoin the land of the living...
You open the huge gate.
There is a huge open gate to the Main Hall (Safe) here.
There is a huge open gate to the Grid Vault (Hard) here.
You open the huge gate.
A shadow dragon, a deep elf master archer, a spriggan defender and a vault guard come into view.
The spriggan defender is wielding a lajatang of pain.
The vault guard shouts!
The shadow dragon moves out of view.
The deep elf master archer shouts!
The deep elf master archer wields a longbow.
The deep elf master archer shoots an arrow.
The arrow completely misses you.
The shadow dragon breathes negative energy at you.
The bolt of negative energy hits you!
You feel drained.
Ouch! That really hurt!
You die...

#...........
#...e.i.... .........
.D..... #.... #'p#
#####''#####
#......@...#
#......(...#
+..#....#..#
+..........#
#..........#
##########..#....#..#
........''..........#
........''..........#
######..##..#....#..#


You could see a shadow dragon, a deep elf master archer, a vault guard and a
spriggan defender (wandering).

Vanquished Creatures
  A sky beast (D)
  A hound (D)
  2 river rats (D)
  An ooze (D)
  A leopard gecko (D)
  A goblin (D)
  3 jackals (D)
  2 bats (D)
12 creatures vanquished.

Notes
Turn   | Place    | Note
-------+----------+-------------------------------------------
     0 | D        | equalderp2856 the Felid Fighter began the quest for the Orb.
     0 | D        | Reached XP level 1. HP: 10/10 MP: 2/2
    14 | D        | Reached skill level 5 in Unarmed Combat
    14 | D        | Reached XP level 2. HP: 14/14 MP: 3/3
    39 | D        | Noticed a sky beast
    41 | D        | Reached skill level 5 in Dodging
    56 | D        | Reached skill level 6 in Unarmed Combat
    56 | D        | Reached XP level 3. HP: 8/18 MP: 4/4
   237 | D        | Killed a sky beast
   237 | D        | Reached skill level 8 in Unarmed Combat
   237 | D        | Reached XP level 4. HP: 14/22 MP: 5/5
   428 | D        | Found a radiant altar of Vehumet.
   428 | D        | Found a hide-covered altar of Uskayaw.
   428 | D        | Found an ancient bone altar of Kikubaaqudgha.
   428 | D        | Found a viscous altar of Jiyva.
   428 | D        | Found a hazy altar of Hepliaklqana.
   429 | D        | Found a bloodstained altar of Trog.
   429 | D        | Found a deep blue altar of Sif Muna.
   429 | D        | Found a sacrificial altar of Ru.
   429 | D        | Found a stormy altar of Qazlal.
   429 | D        | Found an iron altar of Okawaru.
   429 | D        | Found a sparkling altar of Nemelex Xobeh.
   429 | D        | Found an opulent altar of Gozag.
   429 | D        | Found a blossoming altar of Fedhas.
   429 | D        | Found a white marble altar of Elyvilon.
   429 | D        | Found a shadowy altar of Dithmenos.
   429 | D        | Found a snail-covered altar of Cheibriados.
   430 | D        | Found a glowing golden altar of the Shining One.
   430 | D        | Found a glowing silver altar of Zin.
   432 | D        | Found a roughly hewn altar of Beogh.
   432 | D        | Found a burning altar of Makhleb.
   432 | D        | Found a basalt altar of Yredelemnul.
   433 | D        | Found a shattered altar of Ashenzari.
   433 | D        | Found a corrupted altar of Lugonu.
   433 | D        | Found a shimmering altar of Xom.
   473 | D        | Reached skill level 5 in Fighting
   473 | D        | Reached skill level 9 in Unarmed Combat
   473 | D        | Reached XP level 5. HP: 21/26 MP: 6/6
   502 | D        | Killed from afar by an orc wizard
   503 | D        | Reached XP level 4. HP: -1/23 MP: 5/5
   543 | D        | Noticed a deep elf master archer
   543 | D        | Noticed a spriggan defender
   543 | D        | Noticed a shadow dragon
   543 | D        | Noticed a vault guard
   545 | D        | Killed from afar by a shadow dragon

Skill      XL: |  1  2  3  4 |
---------------+-------------+-----
Unarmed Combat | 5 6 8 9 |  9.2
Dodging        | 5 6 7 |  7.3
Fighting       | 4 5 |  5.1
Stealth        | 2 |  2.2

Action                   |  1- 3 |  4- 6 || total
-------------------------+-------+-------++-------
Melee: Unarmed           |    30 |     9 ||    39
 Stab: Sleeping          |     2 |       ||     2
Armor: Skin              |     2 |       ||     2
Dodge: Dodged            |    20 |     6 ||    26
